Map: Dreamcatcher LE

Players

Has - Winner!

  • Race: Protoss Protoss
  • Spawn Location: 11:00

ShoWTimE

  • Race: Protoss Protoss
  • Spawn Location: 5:00

Event: WCS Valencia 2018

VOD

Have the link to the VOD?

Description

Time

  • Played on: July 14, 2018, 11:58 a.m.
  • Length: 9:46

All games in this series

Show
View Real Time Build Order
Export as new Build Order

Has Protoss - Winner!

Build Orders: Phoenix Opening 

Get SALT Encoding   

  12  0:00  Probe  
  13  0:12  Probe  
  14  0:19  Pylon  
  14  0:23  Probe  
  15  0:33  Probe  
  15  0:41  Gateway, Probe  
  16  0:47  Assimilator  
  17  0:51  Probe  
  17  0:55  Assimilator  
  18  1:00  Probe  
  19  1:08  Gateway, Probe  
  20  1:19  Probe  
  21  1:28  Cybernetics Core  
  21  1:31  Probe  
  22  1:37  Pylon  
  22  1:44  Probe  
  23  1:56  Probe  
  24  2:04  Adept x2  
  24  2:05  Warp Gate  
  28  2:10  Pylon  
  28  2:16  Probe  
  29  2:24  Stargate  
  29  2:29  Probe  
  29  2:37  Stalker  
  29  2:43  Stalker  
  33  2:49  Shield Battery  
  33  2:53  Probe  
  34  3:05  Probe  
  35  3:14  Phoenix  
  35  3:18  Probe  
  36  3:30  Probe  
  36  3:31  Phoenix  
  35  3:41  Pylon  
  38  3:48  Phoenix  
  38  3:49  Nexus  
  39  4:05  Shield Battery  
  39  4:08  Stalker  
  41  4:19  Shield Battery  
  41  4:25  Sentry  
  41  4:28  Shield Battery  
  41  4:29  Pylon  
  43  4:32  Sentry  
  45  4:42  Pylon  
  45  4:48  Pylon  
  45  4:56  Stalker  
  47  5:00  Stalker, Pylon  
  47  5:11  Void Ray  
  47  5:19  Probe  
  44  5:23  Stalker  
  48  5:36  Shield Battery  
  48  5:44  Gateway  
  48  5:46  Gateway  
  48  5:47  Sentry  
  48  5:54  Shield Battery  
  48  6:01  Void Ray  
  46  6:10  Sentry  
  52  6:24  Gateway  
  52  6:26  Gateway  
  52  6:30  Shield Battery  
  50  6:40  Sentry  
  50  6:42  Zealot  
  50  6:47  Void Ray  
  52  7:00  Gateway  
  56  7:09  Zealot x2  
  50  7:29  Zealot x3  
  54  7:32  Stalker  
  48  7:50  Sentry x2, Zealot  
  52  7:59  Stalker  
  46  8:12  Stalker  
  46  8:14  Zealot, Stalker  
  50  8:25  Stalker  
  50  8:29  Stalker  
  50  8:35  Zealot x2  
  50  8:38  Stalker  
  54  8:46  Stalker  
  54  8:49  Zealot  
  56  8:56  Stalker  
  56  8:57  Zealot  
  56  9:01  Zealot  
  56  9:11  Zealot x2  
  56  9:18  Stalker  
  56  9:25  Sentry, Zealot  
  60  9:32  Zealot x2  
  60  9:43  Sentry  
Show
View Real Time Build Order
Export as new Build Order

ShoWTimE Protoss 

Build Orders: Phoenix Opening 

Get SALT Encoding   

  12  0:00  Probe  
  13  0:12  Probe  
  14  0:17  Pylon  
  14  0:24  Probe  
  15  0:32  Probe  
  15  0:37  Gateway  
  15  0:40  Probe  
  16  0:46  Assimilator  
  17  0:50  Probe  
  17  0:55  Assimilator  
  18  0:58  Probe  
  19  1:06  Probe  
  20  1:13  Gateway  
  20  1:17  Probe  
  21  1:25  Cybernetics Core  
  21  1:29  Probe  
  22  1:35  Pylon  
  22  1:41  Probe  
  23  1:53  Probe  
  24  2:01  Stalker  
  24  2:02  Stalker  
  24  2:05  Warp Gate  
  28  2:13  Pylon  
  28  2:23  Stargate  
  28  2:36  Stargate  
  28  2:38  Stalker  
  30  2:48  Stalker  
  32  2:57  Pylon  
  31  3:14  Probe  
  31  3:15  Phoenix  
  28  3:26  Probe  
  26  3:36  Shield Battery  
  26  3:38  Probe  
  27  3:51  Gateway  
  27  4:01  Shield Battery  
  27  4:10  Stalker  
  29  4:19  Stalker  
  31  4:34  Stalker  
  31  4:37  Shield Battery  
  33  4:47  Stalker  
  33  4:57  Stalker  
  33  5:08  Stalker  
  31  5:20  Stalker  
  31  5:26  Stalker  
  33  5:35  Shield Battery  
  33  5:45  Shield Battery  
  31  5:52  Stalker  
  33  6:02  Stalker  
  33  6:11  Stalker  
  35  6:24  Stalker  
  37  6:32  Shield Battery  
  37  6:39  Stalker  
  37  6:55  Probe  
  37  6:57  Zealot  
  40  7:03  Stalker  
  38  7:17  Stalker  
  38  7:19  Shield Battery  
  40  7:29  Shield Battery  
  36  7:37  Stalker  
  36  7:50  Stalker  
  36  8:00  Stalker  
  30  8:14  Stalker  
  32  8:22  Stalker  
  34  8:30  Stalker  
  36  8:37  Stalker  
  38  8:48  Stalker  
  40  9:00  Stalker  
  40  9:12  Stalker  
  40  9:17  Adept  
  38  9:32  Stalker  
Tags
 
Add a new tag
Caveats
  • Supply blocks, unpowered buildings, or Contaminate may cause inaccurate times.
  • Supply counts are checked every 10 seconds.